General information
- name: BNet
- type: Ladder team game (AT/RT)
- host: Battle.net
- saver: Teelo
map: GoldRush
- players: 8
- length: 09:27
- speed: Fast
- version: 1.26 W3XP
- replay type: Public
» download(52 KB)
Players
team 1 (loser)

»
LEVYATANN (
blue | 30 APM | 253 actions | 08:29)
2 Blademaster
1 Wind Walk
1 Critical Strike
» actions
| Assign group hotkey | 1 | |
| Basic commands | 1 | |
| Build / train | 19 | |
| Enter build submenu | 13 | |
| Enter hero's abilities submenu | 2 | |
| Remove unit from queue | 3 | |
| Right click | 97 | |
| Select / deselect | 84 | |
| Select group hotkey | 2 | |
| Use ability | 30 | |
253 total
» units
» upgrades
» buildings
| Altar of Storms | 1 | |
| Orc Burrow | 5 | |
| Voodoo Lounge | 1 | |
| Stronghold | 1 | |
| War Mill | 1 | |
| Beastiary | 2 | |
| Watch Tower | 3 | |
14 total
» build order
00:11 Altar of Storms
00:15 Orc Burrow
00:55 Voodoo Lounge
02:08 Stronghold
02:41 War Mill
02:52 Orc Burrow
03:26 Orc Burrow
04:47 Beastiary
04:53 Beastiary
05:15 Watch Tower
05:20 Watch Tower
06:28 Orc Burrow
06:32 Orc Burrow
07:27 Watch Tower
» items
| Healing Salve | 1 | |
| Lesser Clarity Potion | 2 | |
3 total

»
chasedown (
yellow | 52 APM | 488 actions | 09:25)
2 Blademaster
1 Wind Walk
1 Critical Strike
» actions
| Assign group hotkey | 10 | |
| Build / train | 26 | |
| ESC pressed | 3 | |
| Enter build submenu | 19 | |
| Enter hero's abilities submenu | 2 | |
| Right click | 157 | |
| Select / deselect | 109 | |
| Select group hotkey | 117 | |
| Use ability | 45 | |
488 total
» units
| Peon | 9 | |
| Grunt | 1 | |
| Troll Headhunter/Berserker | 4 | |
14 total
» upgrades
» buildings
| Orc Burrow | 3 | |
| Altar of Storms | 1 | |
| Voodoo Lounge | 1 | |
| Barracks | 1 | |
| War Mill | 1 | |
| Watch Tower | 6 | |
| Stronghold | 1 | |
| Beastiary | 4 | |
18 total
» build order
00:16 Orc Burrow
00:22 Altar of Storms
00:29 Voodoo Lounge
01:34 Barracks
02:25 War Mill
02:32 Orc Burrow
03:45 Watch Tower
03:47 Orc Burrow
04:01 Stronghold
07:26 Beastiary
07:28 Beastiary
07:31 Watch Tower
07:34 Watch Tower
08:08 Watch Tower
08:12 Watch Tower
08:45 Beastiary
08:49 Beastiary
08:52 Watch Tower
» items
| Healing Salve | 1 | |
| Lesser Clarity Potion | 3 | |
| Scroll of Speed | 1 | |
5 total
NoobMode.xo (
teal | 25 APM | 237 actions | 09:18)
2 Death Knight
1 Unholy Aura
1 Death Coil
» actions
| Assign group hotkey | 4 | |
| Build / train | 24 | |
| Enter build submenu | 9 | |
| Enter hero's abilities submenu | 2 | |
| Remove unit from queue | 1 | |
| Right click | 85 | |
| Select / deselect | 87 | |
| Select group hotkey | 9 | |
| Use ability | 16 | |
237 total
» units
| Acolyte | 3 | |
| Ghoul | 4 | |
| Crypt Fiend | 5 | |
12 total
» upgrades
| Creature Attack | 1 | |
| Creature Carapace | 1 | |
2 total
» buildings
| Ziggurat | 4 | |
| Altar of Darkness | 1 | |
| Crypt | 2 | |
| Graveyard | 1 | |
| Tomb of Relics | 1 | |
| Spirit Tower | 1 | |
| Nerubian Tower | 1 | |
| Halls of the Dead | 1 | |
12 total
» build order
00:41 Ziggurat
00:45 Altar of Darkness
00:50 Crypt
01:15 Graveyard
01:19 Ziggurat
01:33 Tomb of Relics
02:22 Crypt
02:56 Spirit Tower
03:09 Nerubian Tower
05:23 Ziggurat
05:29 Ziggurat
06:59 Halls of the Dead
» items
| Rod of Necromancy | 1 | |
| Sacrificial Skull | 1 | |
| Potion of Healing | 1 | |
3 total

»
J0seCuerv0 (
pink | 46 APM | 431 actions | 09:20)
3 Dreadlord
2 Vampiric Aura
1 Carrion Swarm
» actions
| Build / train | 34 | |
| Enter build submenu | 12 | |
| Enter hero's abilities submenu | 3 | |
| Remove unit from queue | 1 | |
| Right click | 225 | |
| Select / deselect | 124 | |
| Use ability | 32 | |
431 total
» units
» buildings
| Crypt | 2 | |
| Altar of Darkness | 1 | |
| Ziggurat | 4 | |
| Tomb of Relics | 1 | |
| Graveyard | 1 | |
| Halls of the Dead | 1 | |
| Temple of the Damned | 2 | |
| Slaughterhouse | 1 | |
| Nerubian Tower | 2 | |
15 total
» build order
00:11 Crypt
00:15 Altar of Darkness
00:26 Ziggurat
01:00 Crypt
01:04 Tomb of Relics
01:09 Ziggurat
02:53 Graveyard
06:16 Halls of the Dead
08:38 Temple of the Damned
08:42 Temple of the Damned
08:49 Slaughterhouse
08:53 Ziggurat
08:54 Ziggurat
08:58 Nerubian Tower
09:10 Nerubian Tower
» items
team 2 (winner)

»
Teelo (
purple | 59 APM | 560 actions | 09:27)
3 Keeper of the Grove
2 Entangling Roots
1 Thorns Aura
3 Tauren Chieftain
2 Endurance Aura
1 War Stomp
» actions
| Assign group hotkey | 49 | |
| Basic commands | 45 | |
| Build / train | 60 | |
| ESC pressed | 1 | |
| Enter build submenu | 18 | |
| Enter hero's abilities submenu | 6 | |
| Right click | 141 | |
| Select / deselect | 97 | |
| Select group hotkey | 104 | |
| Use ability | 39 | |
560 total
» units
| Wisp | 11 | |
| Peon | 8 | |
| Grunt | 12 | |
| Archer | 15 | |
46 total
» upgrades
| Pillage | 1 | |
| Nature's Blessing | 1 | |
| Improved Bows | 1 | |
3 total
» buildings
| Moon Well | 4 | |
| Orc Burrow | 4 | |
| Altar of Elders | 1 | |
| Altar of Storms | 1 | |
| Barracks | 2 | |
| Ancient of War | 2 | |
| Voodoo Lounge | 1 | |
| Tree of Ages | 1 | |
16 total
» build order
00:27 Moon Well
00:32 Orc Burrow
00:35 Altar of Elders
00:44 Altar of Storms
00:59 Barracks
01:19 Ancient of War
01:49 Barracks
02:00 Moon Well
02:07 Orc Burrow
02:19 Ancient of War
02:49 Voodoo Lounge
03:02 Orc Burrow
03:25 Moon Well
03:29 Moon Well
04:30 Orc Burrow
04:59 Tree of Ages
Lazyass2 (
green | 0 APM | 0 actions | 09:27)
SatanicMaster (
orange | 56 APM | 533 actions | 09:26)
3 Archmage
2 Summon Water Elemental
1 Brilliance Aura
» actions
| Build / train | 34 | |
| Enter build submenu | 14 | |
| Enter hero's abilities submenu | 3 | |
| Right click | 309 | |
| Select / deselect | 140 | |
| Use ability | 33 | |
533 total
» units
» upgrades
» buildings
| Altar of Kings | 1 | |
| Farm | 5 | |
| Barracks | 2 | |
| Scout Tower | 3 | |
| Arcane Vault | 1 | |
| Arcane Tower | 3 | |
| Keep | 2 | |
| Blacksmith | 1 | |
| Lumber Mill | 1 | |
| Castle | 1 | |
20 total
» build order
00:19 Altar of Kings
00:24 Farm
00:30 Barracks
01:11 Farm
02:06 Barracks
02:12 Farm
02:27 Scout Tower
02:48 Scout Tower
02:56 Arcane Vault
03:00 Arcane Tower
03:23 Arcane Tower
04:19 Farm
04:48 Farm
04:52 Scout Tower
05:25 Arcane Tower
05:49 Keep
05:49 Keep
07:32 Blacksmith
08:39 Lumber Mill
08:49 Castle
xTc-StrangelanD (
red | 37 APM | 345 actions | 09:26)
2 Dreadlord
1 Sleep
1 Vampiric Aura
» actions
| Assign group hotkey | 9 | |
| Basic commands | 16 | |
| Build / train | 31 | |
| ESC pressed | 1 | |
| Enter build submenu | 9 | |
| Enter hero's abilities submenu | 2 | |
| Remove unit from queue | 4 | |
| Right click | 118 | |
| Select / deselect | 102 | |
| Select group hotkey | 36 | |
| Use ability | 17 | |
345 total
» units
| Acolyte | 6 | |
| Ghoul | 4 | |
| Crypt Fiend | 6 | |
16 total
» upgrades
» buildings
| Crypt | 2 | |
| Graveyard | 1 | |
| Ziggurat | 4 | |
| Altar of Darkness | 1 | |
| Spirit Tower | 3 | |
| Nerubian Tower | 1 | |
| Halls of the Dead | 1 | |
13 total
» build order
00:30 Crypt
00:33 Graveyard
00:49 Ziggurat
00:58 Altar of Darkness
01:36 Ziggurat
02:03 Crypt
02:47 Spirit Tower
04:04 Nerubian Tower
06:16 Ziggurat
06:19 Ziggurat
07:45 Halls of the Dead
07:48 Spirit Tower
09:02 Spirit Tower
Chat log
(00:04 / Allies) Teelo: i got
(00:12 / All) chasedown: that fucking guy leaves every time
(00:18 / All) Teelo: nah he left cause he saw me
(00:23 / All) Teelo: if he hadnt left I'd have backstabbed him
(00:32 / All) chasedown: why?
(00:35 / All) chasedown: he a douche?
(00:40 / All) Teelo: cause I stab him on sight
(00:48 / Allies) SatanicMaster: units?
(00:50 / All) chasedown: any reason? lol
(00:54 / All) Teelo: cause hes a douche
(00:59 / All) chasedown: lol
(01:02 / All) NoobMode.xo: every body has a shitlisted player
(01:09 / All) xTc-StrangelanD: i have 6.
(01:10 / All) Teelo: i have at least 6 lol
(01:19 / All) chasedown: i don't pay attention to names :P
(01:22 / All) NoobMode.xo: damn son
(01:30 / Allies) SatanicMaster: units?
(01:35 / All) Teelo: most of mine are people who talk street online
(01:38 / All) NoobMode.xo: i only got 1
(01:40 / Allies) Teelo: grunts and archers
(01:42 / Allies) Teelo: 2 rax rushing on both bases
(01:45 / Allies) Teelo: join me or lose
(01:47 / Allies) SatanicMaster: kk
(01:57 / Allies) xTc-StrangelanD: kk
(02:08 / All) chasedown: I only bs'd once. And I was drunk and he took my item lol
(02:28 / All) NoobMode.xo: talkin street?
(02:35 / All) chasedown: nah brah
(02:38 / All) Teelo: nig hu tlk liek dis
(02:43 / All) NoobMode.xo: ah
(02:45 / All) NoobMode.xo: ok
(03:50 / Allies) SatanicMaster: no biggire
(04:06 / Allies) SatanicMaster: still rushing?
(04:09 / Allies) Teelo: yah
(04:41 / All) xTc-StrangelanD: all that
(04:43 / All) xTc-StrangelanD: for an acolyte?
(04:48 / All) xTc-StrangelanD: you must be a p-enis sucker.
(04:59 / All) NoobMode.xo: damn son
(05:04 / All) NoobMode.xo: y u talkin 2 him like dat
(05:09 / All) xTc-StrangelanD: lol
(05:13 / Allies) xTc-StrangelanD: cuz he has a blademaster.
(05:15 / Allies) SatanicMaster: rdy soon?
(05:18 / All) xTc-StrangelanD: cuz he has a blademaster.
(05:21 / All) xTc-StrangelanD: ANYONE can use him.
(05:30 / All) xTc-StrangelanD: gf faggot.
(05:48 / All) xTc-StrangelanD: how you like it
(05:57 / All) NoobMode.xo: that guy
(06:06 / All) xTc-StrangelanD: :)
(06:10 / All) NoobMode.xo: is awesome
(06:41 / All) NoobMode.xo: y
(06:50 / All) NoobMode.xo: u target me son
(07:19 / All) xTc-StrangelanD: bye
(07:23 / All) xTc-StrangelanD: hero
(07:34 / All) xTc-StrangelanD: bye another hero
(07:38 / All) xTc-StrangelanD: faggot ass blademaster
(07:41 / All) NoobMode.xo: da fuck son
(08:28 / Allies) Teelo: hope you're getting air and aa
(08:35 / All) xTc-StrangelanD: fiend wyrms
(09:20 / Allies) SatanicMaster: lol